Map: Cyber Forest LE

Players

Namshar - Winner!

  • Race: Zerg Zerg
  • Spawn Location: 5:00

MODEUS

  • Race: Terran Terran
  • Spawn Location: 11:00

Event: 2019 WCS Summer

VOD

Have the link to the VOD?

Description

Time

  • Played on: July 12, 2019, 6:19 a.m.
  • Length: 11:31

All games in this series

Show
View Real Time Build Order
Export as new Build Order

Namshar Zerg - Winner!

Build Orders: Hatch First 

Get SALT Encoding   

  12  0:00  Drone  
  13  0:12  Overlord  
  13  0:17  Drone  
  14  0:30  Drone x2  
  16  0:47  Hatchery  
  15  0:51  Drone  
  15  0:54  Drone  
  17  0:57  Drone  
  18  1:08  Extractor  
  17  1:13  Spawning Pool  
  17  1:16  Drone  
  17  1:19  Drone  
  18  1:28  Drone  
  19  1:39  Drone  
  20  1:49  Drone  
  21  1:59  Queen x2  
  21  2:00  Zergling x4  
  27  2:14  Hatchery  
  26  2:19  Overlord  
  26  2:22  Drone  
  27  2:24  Drone  
  28  2:31  Metabolic Boost  
  28  2:40  Drone x2  
  28  2:41  Drone  
  31  2:45  Queen  
  31  2:51  Overlord  
  33  2:53  Drone  
  33  2:56  Drone  
  35  3:01  Drone  
  36  3:09  Drone x3  
  36  3:10  Drone  
  40  3:13  Queen  
  42  3:20  Overlord  
  42  3:24  Queen  
  42  3:26  Drone  
  45  3:28  Drone  
  45  3:29  Drone  
  47  3:36  Drone  
  47  3:37  Overlord  
  48  3:44  Zergling x4  
  49  3:51  Drone  
  49  3:52  Drone x3  
  49  3:53  Zergling x6  
  49  3:55  Overlord  
  56  3:58  Drone x3  
  59  4:03  Drone  
  59  4:08  Queen  
  62  4:14  Baneling Nest  
  62  4:15  Zergling x2  
  62  4:16  Overlord  
  62  4:17  Drone  
  62  4:20  Overlord  
  62  4:23  Drone x2  
  65  4:30  Overlord x2  
  65  4:32  Drone x3  
  68  4:42  Queen, Overlord  
  68  4:44  Drone x4  
  74  4:47  Lair  
  74  4:49  Extractor  
  74  4:50  Extractor  
  72  4:52  Spore Crawler  
  72  4:53  Drone x3  
  72  4:55  Spore Crawler  
  72  4:57  Spore Crawler  
  72  5:01  Drone x3  
  72  5:05  Drone x2  
  76  5:09  Overlord  
  76  5:10  Drone  
  76  5:11  Drone x2  
  76  5:13  Drone  
  80  5:17  Overlord  
  80  5:20  Queen  
  82  5:22  Queen  
  82  5:24  Drone  
  85  5:29  Evolution Chamber  
  85  5:30  Evolution Chamber  
  85  5:34  Drone x6  
  89  5:42  Extractor  
  88  5:44  Extractor  
  88  5:45  Zergling x6  
  88  5:54  Baneling x4  
  88  5:55  Baneling x3, Zergling x6  
  88  5:56  Zergling x10  
  96  5:59  Queen  
  96  6:02  Extractor  
  82  6:20  Drone x10  
  91  6:31  Drone  
  91  6:32  Drone x4  
  96  6:41  Hatchery  
  95  6:47  Queen  
  95  6:49  Centrifical Hooks, Zerg Missile Weapons Level 1, Zerg Melee Weapons Level 1  
  95  6:51  Roach Warren  
  95  6:52  Infestation Pit  
  95  6:53  Zergling x4  
  93  7:07  Queen  
  94  7:13  Drone x8  
  94  7:14  Drone x2, Overlord x3  
  103  7:29  Hive  
  103  7:32  Spire, Roach x5  
  112  7:38  Queen  
  112  7:42  Queen  
  113  7:49  Infestor x3  
  117  7:55  Extractor, Spore Crawler  
  117  7:56  Roach x6  
  117  7:57  Extractor  
  126  7:59  Drone  
  126  8:00  Drone, Spore Crawler  
  126  8:01  Spore Crawler  
  126  8:04  Drone  
  126  8:05  Drone x5  
  128  8:09  Extractor, Spore Crawler  
  126  8:15  Queen  
  127  8:21  Drone  
  127  8:22  Overlord x3  
  127  8:25  Spore Crawler  
  127  8:36  Queen  
  127  8:40  Overlord x2  
  127  8:41  Queen  
  126  8:49  Roach x2  
  126  8:51  Drone x2  
  126  8:53  Extractor  
  126  8:54  Zerg Missile Weapons Level 2, Zerg Melee Weapons Level 2  
  129  8:56  Greater Spire  
  127  9:04  Drone  
  127  9:06  Overlord x2  
  127  9:07  Drone x9  
  136  9:11  Overlord  
  136  9:14  Hatchery  
  136  9:15  Glial Reconstitution  
  136  9:16  Queen  
  135  9:19  Ravager x4  
  135  9:20  Ravager x2  
  135  9:21  Overlord x2  
  135  9:23  Drone  
  135  9:24  Drone x2  
  146  9:29  Overlord  
  140  9:40  Overlord  
  140  9:41  Drone x2  
  140  9:42  Drone x3  
  140  9:45  Spine Crawler  
  144  9:47  Spine Crawler, Roach x4  
  144  9:52  Corruptor x2  
  155  10:02  Corruptor x2  
  159  10:16  Ravager x4  
  163  10:25  Drone x6  
  169  10:33  Drone x2  
  169  10:34  Spine Crawler, Corruptor x3  
  176  10:36  Brood Lord x3  
  176  10:40  Extractor  
  181  10:43  Extractor  
  181  10:46  Brood Lord  
Show
View Real Time Build Order
Export as new Build Order

MODEUS Terran 

Build Orders: Reaper Expand 

Get SALT Encoding   

  12  0:00  SCV  
  13  0:12  SCV  
  14  0:17  Supply Depot  
  14  0:25  SCV  
  15  0:38  SCV  
  15  0:39  Barracks  
  16  0:45  Refinery  
  16  0:50  SCV  
  17  1:02  SCV  
  18  1:16  SCV  
  19  1:27  Reaper  
  19  1:28  Orbital Command  
  20  1:41  Command Center  
  20  1:50  Refinery  
  20  1:54  SCV  
  21  1:59  Supply Depot  
  21  2:06  Barracks Reactor  
  21  2:07  SCV  
  22  2:19  SCV, Factory  
  23  2:31  SCV  
  24  2:43  Marine x2, SCV  
  27  2:55  Orbital Command  
  27  2:58  SCV  
  28  3:08  Starport  
  28  3:09  Barracks Tech Lab  
  28  3:11  Hellion x2  
  32  3:14  SCV  
  33  3:21  SCV  
  33  3:26  SCV  
  35  3:33  SCV  
  35  3:34  Hellion x2  
  40  3:38  SCV, Supply Depot  
  41  3:45  SCV  
  42  3:50  Fusion Core  
  42  3:51  SCV  
  42  3:53  Viking  
  45  3:57  SCV  
  46  4:03  SCV  
  46  4:05  Supply Depot, Hellion x2  
  46  4:09  SCV  
  52  4:11  Barracks Tech Lab  
  52  4:17  Supply Depot  
  52  4:23  SCV x2  
  54  4:35  SCV x2, Supply Depot  
  54  4:36  Hellion x2  
  60  4:42  Supply Depot  
  60  4:43  Battlecruiser  
  66  4:51  Armory  
  66  4:53  SCV x2  
  68  5:05  SCV x2, Supply Depot  
  68  5:06  Hellion x2  
  74  5:16  Command Center  
  74  5:30  Hellion x2  
  74  5:31  SCV x2  
  74  5:33  Refinery  
  74  5:34  Refinery, Supply Depot  
  78  5:55  Hellion x2  
  78  5:56  Battlecruiser, SCV  
  89  6:04  SCV  
  89  6:05  Supply Depot x2  
  89  6:06  Factory  
  74  6:20  SCV x2  
  74  6:25  Hellion x2  
  69  6:27  Orbital Command  
  69  6:32  SCV x2  
  71  6:34  Factory  
  71  6:44  SCV x2  
  73  6:47  Hellion x2  
  73  6:48  Barracks Reactor  
  73  6:51  Terran Vehicle Weapons Level 1  
  77  6:56  SCV x2  
  77  7:03  Orbital Command  
  75  7:08  SCV  
  75  7:12  Thor, Infernal Pre-Igniter  
  82  7:18  Refinery  
  82  7:22  Refinery  
  82  7:23  Hellion  
  84  7:30  SCV x2  
  84  7:33  Hellion  
  84  7:35  Medivac x2  
  84  7:36  SCV  
  93  7:42  SCV  
  92  7:47  Thor  
  92  7:48  Hellion  
  94  7:54  SCV x2, Hellion  
  94  7:55  Liberator x2  
  94  7:56  Thor  
  110  8:21  Factory  
  110  8:22  Command Center, Factory  
  110  8:33  Siege Tank  
  110  8:34  Hellion x2  
  117  8:37  Supply Depot x2  
  117  8:38  Supply Depot  
  117  8:44  Liberator x2  
  111  8:50  Siege Tank  
  111  8:55  Hellion  
  122  9:05  Siege Tank  
  122  9:07  SCV x2  
  123  9:13  Terran Vehicle Weapons Level 2  
  123  9:14  Factory Tech Lab, Factory Reactor  
  123  9:21  SCV x3  
  123  9:22  Command Center  
  126  9:28  Siege Tank  
  126  9:29  Refinery, Hellion x2  
  133  9:32  Refinery  
  132  9:39  Siege Tank  
  132  9:43  Command Center  
  132  9:48  SCV x2  
  132  9:49  SCV  
  134  9:56  Hellion x2  
  134  9:57  Hellion x2  
  142  10:00  SCV  
  142  10:05  Siege Tank x2  
  149  10:13  Siege Tank  
  146  10:19  Hellion x2  
  150  10:24  Orbital Command  
  150  10:27  Engineering Bay  
  146  10:29  Hellion  
  148  10:37  Siege Tank x2  
  148  10:39  Orbital Command  
  140  11:02  Hellion x2  
Tags
 
Add a new tag
Caveats
  • Supply blocks, unpowered buildings, or Contaminate may cause inaccurate times.
  • Supply counts are checked every 10 seconds.